Map: Orbital Shipyard

Players

Kelazhur

  • Race: Terran Terran
  • League: Master

LiquidSnute (Snute) - Winner!

  • Race: Zerg Zerg

Event: Root's WW3

VOD

https://www.youtube.com/watch?v=G8Hh1j7jjbs&t=35m49s

Description

Time

  • Played on: Dec. 11, 2015, 7:48 a.m.
  • Length: 7:37

All games in this series

Show
View Real Time Build Order
Export as new Build Order

Kelazhur Terran 

Build Orders: Command Center First (CC) 

Get SALT Encoding   

  12  0:00  SCV  
  13  0:13  SCV  
  14  0:18  Supply Depot  
  14  0:25  SCV  
  15  0:40  SCV  
  16  0:52  SCV  
  17  0:59  Command Center  
  17  1:04  SCV  
  18  1:13  Barracks  
  18  1:16  SCV  
  19  1:23  Refinery  
  19  1:28  SCV  
  20  1:40  SCV  
  21  1:59  Marine, Orbital Command  
  22  2:12  Orbital Command  
  22  2:17  Marine  
  23  2:26  SCV  
  23  2:27  Command Center  
  24  2:38  SCV  
  24  2:39  SCV, Factory  
  26  2:44  Barracks Reactor  
  26  2:50  SCV  
  27  2:51  SCV  
  27  2:54  Refinery  
  28  3:02  SCV  
  28  3:03  SCV  
  30  3:08  Supply Depot  
  30  3:14  SCV  
  30  3:15  SCV  
  32  3:23  Barracks  
  32  3:24  Barracks  
  32  3:25  Starport  
  32  3:27  SCV  
  33  3:30  SCV  
  33  3:33  Hellion, Barracks Tech Lab  
  36  3:34  Hellion  
  36  3:40  Orbital Command  
  38  3:41  SCV  
  38  3:43  SCV  
  40  3:54  SCV  
  40  3:55  SCV  
  42  3:57  Hellion  
  42  3:58  Hellion  
  42  4:02  Marine  
  47  4:04  Viking  
  47  4:06  SCV  
  47  4:07  SCV  
  47  4:08  SCV  
  52  4:16  Supply Depot  
  52  4:18  SCV, Widow Mine  
  52  4:19  SCV  
  57  4:25  Bunker  
  55  4:37  Widow Mine, Marine x2  
  55  4:38  Marauder  
  56  4:42  Medivac  
  56  4:43  SCV  
  46  4:54  SCV x2  
  46  4:55  SCV, Marine x2  
  46  4:57  Supply Depot  
  46  4:58  Supply Depot  
  46  4:59  Marine  
  48  5:06  SCV x2  
  43  5:11  SCV  
  43  5:13  Marine x2  
  42  5:16  Marine  
  42  5:18  SCV x2  
  39  5:23  SCV  
  38  5:30  SCV x2  
  38  5:33  Barracks Tech Lab  
  38  5:35  SCV  
  42  5:39  Barracks Reactor  
  42  5:42  SCV x2  
  44  5:45  Refinery x2  
  44  5:46  Barracks Tech Lab  
  44  5:47  SCV  
  44  5:54  SCV x2  
  46  5:59  SCV  
  46  6:03  Barracks  
  47  6:05  Supply Depot, Barracks  
  47  6:06  Supply Depot, SCV  
  47  6:07  Engineering Bay, Marauder  
  47  6:09  Engineering Bay, Marauder  
  47  6:10  SCV  
  51  6:18  Marine x2  
  51  6:20  Medivac  
  51  6:21  SCV  
  51  6:22  SCV  
  56  6:32  SCV, Marauder  
  56  6:33  SCV, Marauder  
  56  6:39  Marine  
  58  6:42  SCV  
  58  6:44  SCV, Marine  
  58  6:50  SCV  
  58  6:54  SCV, Marine, Marauder  
  52  6:57  SCV  
  52  7:00  Medivac  
  43  7:02  SCV, Marine  
  43  7:06  SCV  
  42  7:12  Marine  
  42  7:14  Marine  
  24  7:17  SCV  
Show
View Real Time Build Order
Export as new Build Order

LiquidSnute Zerg - Winner!

Build Orders: Hatch First, Ravager All-In 

Get SALT Encoding   

  12  0:01  Drone  
  13  0:12  Overlord  
  13  0:17  Drone  
  14  0:31  Drone x2  
  14  0:34  Drone  
  17  0:51  Hatchery  
  17  0:54  Drone  
  17  0:58  Drone  
  17  1:01  Extractor  
  17  1:13  Spawning Pool  
  17  1:16  Drone  
  17  1:19  Drone  
  18  1:28  Drone  
  19  1:38  Overlord  
  19  2:00  Zergling x4, Queen  
  23  2:03  Queen  
  23  2:08  Drone  
  26  2:11  Drone  
  26  2:15  Drone  
  28  2:21  Drone  
  29  2:28  Drone, Roach Warren  
  29  2:32  Drone  
  29  2:33  Extractor  
  29  2:35  Drone  
  30  2:44  Overlord  
  30  2:55  Overlord  
  30  3:08  Roach x3  
  30  3:09  Roach x3  
  44  3:12  Roach  
  44  3:15  Roach  
  46  3:20  Overlord  
  46  3:29  Ravager x2  
  46  3:31  Drone x2  
  46  3:32  Drone  
  51  3:38  Ravager  
  52  3:43  Drone x2  
  52  3:44  Drone  
  52  3:47  Overlord  
  55  3:53  Ravager  
  55  3:55  Overlord  
  56  3:57  Drone  
  56  3:59  Drone  
  58  4:05  Ravager  
  58  4:08  Drone x3  
  62  4:11  Drone  
  62  4:12  Drone  
  64  4:18  Overlord  
  64  4:27  Drone  
  64  4:28  Drone x5  
  64  4:30  Ravager  
  66  4:49  Roach x3  
  66  4:52  Hatchery  
  69  4:56  Roach x2  
  73  5:05  Roach  
  73  5:06  Roach x4  
  75  5:19  Roach x2  
  75  5:20  Overlord  
  75  5:21  Drone x2  
  78  5:24  Extractor  
  78  5:25  Extractor  
  78  5:27  Roach  
  72  5:31  Overlord  
  72  5:32  Queen x2  
  72  5:35  Ravager  
  78  5:42  Drone  
  78  5:43  Drone  
  78  5:49  Drone  
  80  5:54  Ravager  
  80  5:55  Drone x3  
  80  5:56  Drone x3  
  87  5:59  Ravager  
  87  6:04  Drone x2, Queen  
  90  6:08  Lair, Queen  
  94  6:27  Roach x6  
  104  6:35  Ravager  
  104  6:36  Ravager  
  100  6:40  Queen  
  100  6:43  Queen  
  104  6:48  Drone x2  
  104  6:49  Drone x2  
  102  6:58  Overlord  
  102  6:59  Roach  
  102  7:00  Roach x2  
  106  7:06  Evolution Chamber  
  103  7:15  Roach x3  
  106  7:16  Ravager  
Tags
 
Add a new tag
Caveats
  • Supply blocks, unpowered buildings, or Contaminate may cause inaccurate times.
  • Supply counts are checked every 10 seconds.